 Dungeon Crawl Stone Soup version 0.28-a0-1506-g3893175d92 (webtiles) character file.

Game seed: 3963400006819585871

18 cheechan the Chopper (level 2, -7/28 HPs)
             Began as a Naga Monk on Jan 13, 2022.
             Mangled by an ogre (18 damage)
             ... on level 2 of the Dungeon.
             The game lasted 00:05:13 (897 turns).

cheechan the Chopper (Naga Monk)                     Turns: 897, Time: 00:05:14

Health: -7/28      AC:  2    Str: 13    XL:     2   Next: 70%
Magic:  2/2        EV: 10    Int: 10    God:
Gold:   35         SH:  0    Dex: 13    Spells: 1/1 levels left

rFire   . . .      SeeInvis +   a - +0 hand axe
rCold   . . .      Faith    .   (no shield)
rNeg    . . .      Spirit   .   b - +1 robe
rPois   +          Reflect  .   (no helmet)
rElec   .          Harm     .   (no cloak)
rCorr   .          Rampage  .   (no gloves)
Will    .....                   (no barding)
Stlth   ++........              (no amulet)
HPRegen 0.09/turn               (no ring)
MPRegen 0.08/turn               (no ring)

@: short of breath, very slow
A: AC +0, large, see invisible, deformed body, poison resistance, slowness 2,
spit poison 1, naga tail 1
a: Spit Poison


You were on level 2 of the Dungeon.
You visited 1 branch of the dungeon, and saw 2 of its levels.

You collected 35 gold pieces.

Inventory:

Hand Weapons
 a - a +0 hand axe (weapon)
Missiles
 d - 26 arrows
Armour
 b - a +1 robe (worn)
Scrolls
 f - 2 scrolls of enchant armour
Potions
 c - a potion of ambrosia {unknown}
 h - a potion of berserk rage {unknown}


   Skills:
 + Level 3.3 Fighting
 + Level 3.4 Axes
 + Level 2.6 Dodging
 + Level 3.1 Stealth


You had one spell level left.
You didn't know any spells.
Your spell library was empty.

Dungeon Overview and Level Annotations

Branches:
Dungeon (2/15)

Altars:


Innate Abilities, Weirdness & Mutations

Your serpentine skin is tough. (AC +0)
You have supernaturally acute eyesight. (SInv)
Armour fits poorly on your strangely shaped body.
Your system is resistant to poisons. (rPois)
You cover ground very slowly.
You can spit poison.
You have a snake-like lower body.


Message History

You climb downwards.
Found 10 gold pieces.
There is a stone staircase leading up here.
As you read the scroll labelled ANILOI ENWEGEA, it crumbles to dust.
You speak a Word of immense power!
It was a scroll of holy word.
As you read the scroll labelled MOTZAU JASENE, it crumbles to dust.
It is a scroll of enchant armour.
Your +0 robe glows green for a moment.
As you read the scroll labelled ESTRABB UDIO, it crumbles to dust.
Your body is wracked with pain!
It was a scroll of torment.
You now have 35 gold pieces (gained 10).
A kobold comes into view. It is wielding a +0 short sword.
The kobold shouts!
You hit the kobold.
You kill the kobold!
Things that are here:
a +0 short sword; a kobold corpse
Things that are here:
a +0 short sword; a kobold corpse
Found a stone staircase leading down.
Found 15 sling bullets.
There is a stone staircase leading down here.
An ogre comes into view. It is wielding a +0 giant club.
Found a scroll labelled HUOREU SYFAI.
An endoplasm comes into view.
Aiming: Spit Poison (2% risk of failure)
Press: ? - help, Q - select action Shift-Dir - straight line, f - ogre
Aim: an ogre, wielding a +0 giant club (wandering, hasn't noticed you, 81% to hit)
The splash of poison hits the ogre!
The ogre is poisoned.
The ogre is moderately wounded.
The ogre shouts!
The endoplasm quivers.
You hit the ogre.
The ogre is moderately wounded.
The ogre hits you with a +0 giant club!
You hit the ogre.
The ogre is heavily wounded.
The ogre hits you with a +0 giant club!!
Ouch! That really hurt!
You die...

#.# .# #.#
....... #.#
....... #.#
....... #.#
....... #.#
....... #.#
.......
###.##..J.?..
#....@O......
#####........
#........
#........
#........
#.#......
#.#.##.##
#.#.# ..


You could see an ogre (poisoned) and an endoplasm.

Vanquished Creatures
  2 dart slugs (D:1)
  An endoplasm (D:1)
  2 giant cockroaches (D:1)
  A goblin (D:1)
  A hobgoblin (D:1)
  3 kobolds
  A quokka (D:1)
  A ball python (D:1)
  A frilled lizard (D:1)
13 creatures vanquished.

Notes
Turn   | Place    | Note
-------+----------+-------------------------------------------
     0 | D:1      | cheechan the Naga Monk began the quest for the Orb.
     0 | D:1      | Reached XP level 1. HP: 21/21 MP: 1/1
   228 | D:1      | Reached XP level 2. HP: 27/28 MP: 2/2
   891 | D:2      | Noticed an ogre
   897 | D:2      | Mangled by an ogre

Illustrated notes

Levels and vault maps discovered:
D:1:      sevenhm_arrival_forest_fort_large_4, layout_loops_ring
D:2:      layout_basic, basic_altar, pf_guarded_unrand_delatra

Action                   || total
-------------------------++-------
Melee: Hand axe          ||    26
 Abil: Spit Poison       ||     9
  Use: Scroll            ||     3
Armor: Robe              ||     3
Dodge: Dodged            ||    23

Table legend: (Time is in decaauts)
 A = Elapsed time spent in this place.
 B = Non-inter-level travel time spent in this place.
 C = Inter-level travel time spent in this place.
 D = Time resting spent in this place.
 E = Time spent auto-exploring this place.
 F = Levels seen in this place.
 G = Mean time per level.
                   A        B        C        D        E       F      G
               +--------+--------+--------+--------+--------+-----+--------+
         Total |   1236 |   1236 |      0 |      0 |      0 |   2 |  618.0 |
       Dungeon |   1236 |   1236 |      0 |      0 |      0 |   2 |  618.0 |
               +--------+--------+--------+--------+--------+-----+--------+

Top non-repeatable levels by time:
     D:1: 1158 daAuts
     D:2: 78 daAuts
